Map: World of Sleepers LE

Players

TIME (Oliveira)

  • Race: Terran Terran
  • League: Master
  • Spawn Location: 1:00

Erik - Winner!

  • Race: Zerg Zerg
  • League: Master
  • Spawn Location: 7:00

Event: NationWars 2019

VOD

Have the link to the VOD?

Description

Time

  • Played on: Nov. 13, 2019, 1:43 p.m.
  • Length: 23:53
Show
View Real Time Build Order
Export as new Build Order

TIME Terran 

Build Orders: Reaper Expand 

Get SALT Encoding   

  12  0:01  SCV  
  13  0:14  SCV  
  13  0:18  Supply Depot  
  14  0:26  SCV  
  15  0:40  SCV  
  15  0:42  Barracks  
  16  0:46  Refinery  
  16  0:52  SCV  
  17  1:04  SCV  
  18  1:16  SCV  
  19  1:31  Orbital Command, Reaper  
  20  1:42  Command Center  
  20  1:50  Supply Depot  
  20  1:57  SCV  
  21  2:02  Marine  
  22  2:09  SCV  
  22  2:12  Factory  
  23  2:21  SCV  
  24  2:23  Barracks Reactor  
  24  2:33  SCV  
  25  2:41  Command Center  
  25  2:45  SCV  
  26  2:54  Orbital Command  
  26  3:01  SCV, Starport  
  27  3:07  Refinery  
  27  3:11  Marine, Factory Tech Lab  
  28  3:13  Marine  
  28  3:16  SCV  
  30  3:21  SCV  
  31  3:28  SCV  
  31  3:30  Marine  
  31  3:31  Marine  
  31  3:33  SCV  
  35  3:37  Viking  
  35  3:40  SCV  
  38  3:43  Supply Depot  
  38  3:45  SCV  
  38  3:47  Marine  
  40  3:49  Marine  
  40  3:54  SCV  
  40  3:55  Orbital Command  
  42  3:58  Siege Tank  
  42  4:00  SCV  
  46  4:07  Supply Depot  
  48  4:11  Starport Reactor  
  48  4:14  SCV x2  
  48  4:19  Barracks Tech Lab  
  48  4:20  Barracks  
  48  4:21  SCV  
  48  4:23  Barracks  
  49  4:26  SCV  
  49  4:27  SCV  
  51  4:33  Supply Depot  
  51  4:34  SCV  
  51  4:38  Stimpack, Marine, SCV  
  54  4:40  SCV  
  55  4:46  SCV  
  55  4:50  SCV  
  55  4:51  Engineering Bay  
  57  4:53  Engineering Bay  
  57  4:54  SCV  
  57  4:56  Refinery  
  57  4:57  Refinery  
  57  4:58  Marine, SCV  
  60  5:01  Siege Tank  
  60  5:02  SCV  
  60  5:06  SCV  
  65  5:08  Marine x2, Supply Depot  
  65  5:13  SCV  
  68  5:20  Starport Reactor  
  69  5:21  SCV  
  69  5:22  Marine x3  
  69  5:23  Terran Infantry Weapons Level 1  
  69  5:26  SCV, Orbital Command  
  73  5:32  Terran Infantry Armor Level 1  
  73  5:33  Marine x2  
  73  5:35  SCV  
  76  5:38  SCV  
  76  5:40  Marine x2  
  79  5:42  Supply Depot  
  79  5:46  Siege Tank  
  79  5:47  Marine, Barracks  
  79  5:49  SCV, Barracks  
  84  5:51  Marine, SCV  
  84  5:55  SCV  
  86  6:01  Medivac  
  86  6:02  Medivac, Marine x2, SCV  
  93  6:05  SCV  
  93  6:07  SCV  
  93  6:10  Marine  
  96  6:12  Marine, Supply Depot  
  96  6:14  SCV  
  96  6:17  SCV  
  99  6:19  SCV  
  99  6:21  Marine  
  101  6:27  Refinery  
  101  6:29  Factory Reactor, Factory  
  101  6:31  Armory  
  101  6:33  Marine x2  
  101  6:34  SCV  
  101  6:37  Supply Depot  
  101  6:38  Marine  
  106  6:40  Barracks Reactor x2  
  106  6:41  SCV  
  106  6:44  SCV  
  106  6:46  Marine, SCV, Supply Depot  
  109  6:47  Supply Depot  
  109  6:58  Marine x3, SCV  
  109  6:59  Combat Shield  
  109  7:00  SCV  
  114  7:04  SCV  
  114  7:06  Marine  
  114  7:07  Marine  
  117  7:09  Widow Mine x2  
  117  7:10  SCV  
  117  7:13  Command Center  
  117  7:14  Supply Depot  
  117  7:15  Widow Mine  
  124  7:16  Marine x2  
  124  7:18  Drilling Claws  
  124  7:19  Marine x5  
  124  7:20  Medivac  
  133  7:29  Terran Infantry Weapons Level 2  
  133  7:30  Supply Depot  
  133  7:35  Medivac, Marine x2, SCV x3  
  140  7:42  Widow Mine x2  
  141  7:47  Supply Depot  
  141  7:51  Marine x4  
  141  7:52  Widow Mine  
  141  7:53  Barracks  
  141  7:54  Refinery, SCV, Barracks  
  141  7:55  SCV, Barracks  
  149  8:08  Marine x4  
  149  8:09  Widow Mine x2  
  149  8:11  Terran Infantry Armor Level 2  
  157  8:14  Terran Vehicle And Ship Armor Level 1  
  157  8:21  Supply Depot  
  157  8:22  Supply Depot  
  157  8:24  Medivac x2, Marine x3, SCV x2  
  166  8:30  Marine x2  
  166  8:34  Marine  
  168  8:36  Unknown  
  168  8:37  Widow Mine  
  171  8:41  Marine  
  171  8:42  Supply Depot  
  169  8:50  Barracks Tech Lab  
  169  8:51  Barracks Tech Lab x2  
  169  8:52  Marine x2  
  169  8:53  Widow Mine  
  169  8:54  Marine x3  
  176  8:56  Planetary Fortress  
  176  8:59  SCV  
  176  9:01  Marine  
  179  9:03  Marine, Widow Mine  
  179  9:05  Marine x2  
  176  9:13  Marine x3  
  176  9:14  Siege Tank, Marine x3, Marauder x2  
  176  9:15  Widow Mine  
  191  9:19  Command Center  
  193  9:24  Marine, Widow Mine, Marauder  
  193  9:26  Concussive Shells  
  193  9:30  Marine  
  193  9:31  Marine  
  196  9:33  Marine  
  196  9:53  Marine, Marauder  
  196  9:54  Marine x3  
  196  9:59  Starport  
  196  10:00  Ghost Academy, Starport  
  196  10:05  Command Center  
  196  10:09  Terran Infantry Weapons Level 3  
  196  10:13  Widow Mine  
  196  10:15  Marine  
  196  10:16  Marauder x2  
  196  10:17  Marauder  
  196  10:19  Marine x2, Marauder  
  171  10:22  Widow Mine x2  
  171  10:25  SCV  
  171  10:26  Marine  
  171  10:27  Marine  
  89  10:28  Medivac x2  
  176  10:30  Terran Infantry Armor Level 3  
  176  10:31  Terran Vehicle And Ship Armor Level 2  
  180  10:37  Marauder  
  180  10:39  Missile Turret  
  182  10:42  Marine  
  182  10:43  Missile Turret, Marine x2, Marauder x2  
  182  10:44  Missile Turret  
  182  10:46  Starport Reactor, Liberator  
  182  10:47  Liberator, Starport Tech Lab  
  199  11:11  Sensor Tower  
  199  11:20  Orbital Command, Unknown  
  199  11:27  Unknown  
  199  11:36  Command Center  
  180  11:55  Liberator  
  180  11:56  Liberator x2, Orbital Command  
  180  12:02  Unknown  
  180  12:06  Unknown  
  168  12:08  SCV  
  168  12:10  Siege Tank  
  168  12:15  Marauder x2  
  185  12:16  Marine x2  
  185  12:20  Refinery, Widow Mine  
  189  12:23  Marine  
  189  12:29  SCV  
  191  12:31  Marine x2  
  191  12:34  Fusion Core  
  191  12:36  SCV  
  191  12:37  Marauder  
  196  12:38  SCV x2  
  196  12:40  Unknown x2  
  196  12:42  Missile Turret  
  196  12:43  Liberator x2  
  198  12:44  Missile Turret, Sensor Tower  
  198  12:45  Missile Turret  
  198  12:54  Planetary Fortress  
  198  12:57  SCV  
  199  13:10  Terran Vehicle And Ship Armor Level 3  
  199  13:21  Command Center  
  199  13:32  Personal Cloaking  
  199  13:34  Command Center x2  
  198  13:38  Advanced Ballistics  
  198  13:40  SCV x2  
  190  13:45  Liberator  
  190  13:46  Liberator  
  190  13:49  SCV x2  
  190  14:02  Widow Mine x2  
  200  14:16  Liberator  
  167  14:29  SCV  
  167  14:30  SCV x2  
  167  14:31  SCV  
  175  14:33  Widow Mine x2  
  175  14:35  Marine x2  
  188  14:45  Marine x2  
  188  14:48  Liberator, Orbital Command x2  
  188  14:49  Liberator x2  
  183  14:54  Marine x3  
  183  14:56  Marauder x2, Unknown x2  
  183  14:59  SCV x2  
  179  15:00  SCV x2, Unknown x2  
  174  15:08  Marine  
  174  15:13  Command Center  
  164  15:24  Liberator  
  164  15:26  Marine x2  
  164  15:27  Marauder  
  165  15:36  SCV  
  165  15:40  Planetary Fortress  
  165  15:42  Liberator  
  172  15:43  Medivac  
  171  15:55  Ghost Academy, Barracks Tech Lab  
  171  15:57  Refinery  
  171  15:59  Liberator  
  171  16:00  Missile Turret x2  
  171  16:03  Refinery  
  174  16:05  Refinery  
  174  16:08  Terran Ship Weapons Level 1, Ghost Academy  
  174  16:09  Ghost Academy  
  174  16:13  Liberator  
  174  16:15  Siege Tank  
  181  16:18  SCV  
  181  16:22  Liberator x2  
  181  16:24  Missile Turret  
  181  16:30  Liberator  
  181  16:35  SCV  
  181  16:36  Marine x2, Marauder  
  187  16:41  SCV  
  187  16:42  SCV  
  173  16:49  SCV x2  
  173  16:52  SCV  
  173  16:53  SCV  
  179  16:58  Orbital Command  
  179  17:01  SCV  
  179  17:03  SCV  
  184  17:08  SCV  
  184  17:10  SCV  
  186  17:17  SCV  
  186  17:18  Planetary Fortress  
  187  17:23  SCV x3  
  187  17:24  SCV  
  187  17:33  Unknown  
  167  17:41  Unknown  
  167  17:42  SCV  
  173  17:45  Liberator x2  
  180  18:09  Unknown x2  
  180  18:12  Unknown  
  186  18:14  Unknown  
  186  18:18  Nuke  
  186  18:19  SCV x2  
  181  18:32  Missile Turret  
  181  18:33  Missile Turret  
  178  18:34  Command Center  
  178  18:37  Unknown x2  
  178  18:38  SCV  
  178  18:40  Missile Turret  
  178  18:41  Missile Turret, SCV, Unknown  
  181  18:42  Unknown  
  181  18:44  Marine  
  181  18:45  Marine x2, Marauder x2  
  169  18:48  Marine  
  169  18:49  Marauder  
  169  18:52  SCV  
  169  18:53  SCV  
  162  19:00  Nuke x2  
  162  19:06  Unknown  
  162  19:11  Reaper  
  162  19:12  SCV  
  162  19:15  Unknown  
  166  19:17  Sensor Tower  
  163  19:32  Marine x3  
  163  19:33  Marauder x2, Marine x2  
  163  19:34  Marauder  
  163  19:36  Marine x2  
  176  19:40  Marauder, Unknown  
  176  19:43  Marine  
  177  19:50  Marine x3  
  177  19:51  Marine x2, SCV  
  183  19:53  Marine  
  183  19:54  Marauder x2  
  183  19:55  Marauder  
  190  20:00  Marine  
  190  20:01  Marine, Marauder  
  192  20:08  Marine x2  
  192  20:16  Marauder x2  
  186  20:22  Marine x2  
  186  20:23  Marine, Marauder x2  
  145  20:50  Nuke x2  
  128  21:07  Starport Reactor  
  128  21:14  Planetary Fortress  
  128  21:18  Supply Depot  
  128  21:20  Supply Depot x4  
  128  21:21  Supply Depot  
  128  21:23  Supply Depot  
  128  21:25  Supply Depot  
  126  21:41  Marine x9, SCV x2  
  126  21:42  Marauder x3  
  126  21:44  Liberator x2  
  133  21:59  Marine x8  
  133  22:00  Liberator  
  143  22:02  Marine  
  143  22:03  Marauder x2  
  143  22:07  SCV x2  
  143  22:08  SCV  
  133  22:49  SCV  
  134  22:52  Marine  
  133  22:59  Marine  
  133  23:01  Marine x2  
  83  23:30  Marine x4  
Show
View Real Time Build Order
Export as new Build Order

Erik Zerg - Winner!

Build Orders: Hatch First, Lurkers 

Get SALT Encoding   

  12  0:01  Drone  
  13  0:12  Overlord  
  13  0:17  Drone  
  14  0:31  Drone x2  
  16  0:48  Hatchery  
  15  0:51  Drone  
  15  0:55  Drone  
  17  0:57  Drone  
  18  1:10  Extractor  
  17  1:13  Spawning Pool  
  17  1:16  Drone  
  17  1:19  Drone  
  18  1:29  Drone  
  19  1:39  Drone  
  20  1:49  Drone  
  21  2:00  Queen x2  
  26  2:01  Zergling x4  
  27  2:11  Overlord  
  27  2:12  Drone  
  27  2:14  Metabolic Boost  
  28  2:29  Hatchery  
  27  2:31  Drone  
  27  2:36  Drone x2  
  30  2:41  Drone  
  31  2:47  Overlord  
  31  2:54  Queen  
  31  2:57  Pneumatized Carapace  
  33  3:00  Drone  
  33  3:02  Drone  
  33  3:05  Drone  
  36  3:11  Overlord  
  36  3:13  Drone  
  36  3:16  Drone x2  
  39  3:22  Drone x2  
  41  3:27  Drone x2  
  41  3:32  Queen  
  45  3:35  Drone  
  46  3:42  Queen  
  46  3:44  Drone x2  
  50  3:50  Overlord x2  
  50  3:51  Drone  
  50  3:52  Drone  
  52  3:57  Overlord  
  52  4:08  Queen  
  52  4:09  Drone x6  
  60  4:13  Extractor  
  60  4:16  Baneling Nest, Drone x2  
  60  4:19  Unknown  
  60  4:24  Overlord  
  60  4:25  Lair  
  60  4:29  Extractor, Drone x2  
  61  4:34  Drone x3  
  61  4:35  Drone  
  61  4:36  Drone  
  61  4:37  Drone  
  67  4:45  Drone  
  68  4:52  Overlord  
  68  4:56  Drone  
  68  4:57  Zergling x18  
  68  4:59  Evolution Chamber  
  77  5:00  Evolution Chamber  
  76  5:08  Zergling x6  
  76  5:09  Spore Crawler  
  78  5:19  Baneling x6  
  78  5:21  Drone  
  78  5:22  Drone x5  
  78  5:23  Centrifical Hooks  
  78  5:25  Zerg Ground Armor Level 1  
  78  5:26  Zerg Melee Weapons Level 1  
  84  5:31  Overlord  
  84  5:34  Zergling x2  
  84  5:35  Zergling x8  
  89  5:42  Baneling  
  89  5:43  Baneling x2  
  89  5:47  Drone  
  89  5:48  Extractor, Hydralisk Den  
  88  5:50  Drone  
  88  5:53  Drone x3  
  92  5:58  Overseer  
  92  6:00  Overlord  
  92  6:02  Drone x2  
  94  6:05  Hatchery  
  94  6:08  Overlord  
  93  6:12  Zergling x2  
  93  6:13  Zergling x6  
  96  6:22  Muscular Augments  
  96  6:26  Hydralisk x7  
  96  6:28  Extractor  
  109  6:35  Overlord  
  109  6:36  Drone x3  
  112  6:40  Infestation Pit  
  112  6:44  Drone  
  112  6:45  Drone  
  112  6:46  Hatchery  
  112  6:52  Overlord x2  
  112  6:54  Overlord  
  112  6:58  Overlord  
  112  7:08  Hydralisk x5  
  113  7:11  Hydralisk x4  
  129  7:19  Hive  
  129  7:21  Overlord  
  128  7:29  Drone  
  131  7:30  Drone x5  
  131  7:31  Lurker Den  
  131  7:33  Grooved Spines  
  131  7:35  Drone  
  129  7:44  Drone  
  129  7:45  Drone  
  131  7:52  Queen  
  131  7:53  Zerg Ground Armor Level 2, Zerg Melee Weapons Level 2  
  131  7:56  Drone  
  131  7:57  Drone  
  131  7:58  Evolution Chamber, Extractor, Overlord  
  134  7:59  Extractor  
  134  8:05  Zergling x20  
  133  8:06  Zergling x10  
  147  8:16  Baneling x5  
  147  8:17  Baneling x4  
  147  8:21  Zergling x20  
  147  8:23  Drone  
  158  8:34  Nydus Network  
  157  8:45  Burrow  
  157  8:46  Zerg Missile Weapons Level 1  
  153  8:51  Drone x3  
  153  8:52  Overseer  
  153  8:55  Overlord  
  150  9:02  Drone  
  151  9:03  Overseer, Drone x4  
  151  9:04  Adaptive Talons  
  155  9:11  Drone x4  
  155  9:13  Overseer  
  155  9:16  Lurker  
  160  9:17  Lurker x6  
  160  9:21  Hatchery  
  160  9:22  Viper  
  168  9:26  Nydus Canal  
  164  9:33  Viper  
  164  9:37  Overlord  
  167  9:41  Overlord  
  167  9:42  Zergling x2  
  167  9:43  Zergling x28  
  167  9:44  Overseer, Overlord  
  178  9:58  Nydus Canal  
  172  10:00  Zergling x2  
  172  10:01  Zergling x20  
  176  10:16  Nydus Canal  
  154  10:25  Drone x4  
  154  10:26  Drone x2  
  160  10:31  Spore Crawler, Drone x2  
  160  10:32  Nydus Canal  
  160  10:33  Spore Crawler  
  160  10:38  Zerg Melee Weapons Level 3, Zerg Ground Armor Level 3  
  160  10:39  Adrenal Glands  
  160  10:40  Zerg Missile Weapons Level 2  
  160  10:43  Lurker x2  
  160  10:47  Drone x13  
  175  10:58  Overlord  
  175  10:59  Spire  
  175  11:04  Zergling x14  
  175  11:05  Nydus Network  
  180  11:13  Nydus Canal  
  180  11:22  Hydralisk x9  
  198  11:29  Nydus Canal  
  198  11:40  Zergling x4  
  200  11:52  Overlord  
  178  11:55  Nydus Canal  
  178  11:56  Overlord  
  178  11:57  Zergling x2  
  178  11:58  Zergling x34  
  187  12:05  Nydus Canal  
  178  12:10  Nydus Canal  
  178  12:13  Drone x10  
  178  12:14  Spine Crawler  
  184  12:18  Greater Spire  
  184  12:23  Lurker x2  
  184  12:24  Lurker x4  
  184  12:28  Overlord  
  176  12:31  Drone x6  
  176  12:32  Drone  
  176  12:35  Overseer x2  
  176  12:37  Overseer, Extractor  
  182  12:38  Extractor  
  182  12:40  Drone  
  182  12:46  Spore Crawler  
  182  12:48  Spore Crawler  
  182  12:49  Overlord  
  178  12:58  Zerg Missile Weapons Level 3  
  178  13:03  Nydus Canal x2  
  178  13:05  Baneling x4  
  178  13:11  Zergling x2  
  178  13:12  Zergling x40  
  199  13:13  Nydus Canal  
  199  13:17  Nydus Canal  
  197  13:27  Overseer  
  197  13:28  Hatchery  
  197  13:29  Overseer  
  195  13:35  Queen  
  197  13:41  Nydus Canal  
  197  13:42  Nydus Canal  
  197  13:48  Zerg Flyer Armor Level 1  
  197  13:50  Spire, Pathogen Glands  
  197  13:54  Hydralisk x5  
  178  14:14  Zergling x44  
  199  14:24  Viper x3  
  178  14:30  Zergling x16  
  187  14:32  Nydus Canal  
  187  14:40  Drone x6  
  193  14:45  Overlord  
  193  14:46  Overlord  
  193  14:51  Nydus Canal  
  190  14:55  Nydus Canal  
  168  15:03  Unknown  
  168  15:05  Zergling x26  
  168  15:06  Zergling x20  
  177  15:19  Hydralisk  
  177  15:20  Hydralisk x10  
  170  15:34  Zerg Flyer Weapons Level 1  
  170  15:35  Drone x3  
  170  15:46  Zergling x2  
  170  15:47  Zergling x28  
  185  15:59  Baneling x2  
  185  16:02  Spore Crawler, Drone x2  
  185  16:03  Spore Crawler  
  185  16:05  Lurker x6  
  185  16:06  Lurker  
  185  16:09  Hatchery  
  191  16:14  Zergling x18  
  191  16:16  Nydus Canal  
  191  16:36  Nydus Canal x2  
  184  16:41  Hydralisk x8  
  194  16:58  Zerg Flyer Armor Level 2  
  194  16:59  Corruptor x5  
  196  17:22  Corruptor x3  
  165  17:39  Hydralisk x12  
  165  17:43  Zergling x4  
  165  17:44  Zergling x44  
  200  17:53  Spore Crawler  
  200  17:54  Spore Crawler  
  200  17:56  Zergling x2  
  200  17:57  Zergling x2  
  194  18:20  Overseer  
  194  18:21  Overseer x3  
  194  18:22  Overseer x3  
  192  18:35  Nydus Canal x2  
  192  18:37  Lurker x4  
  192  18:38  Lurker x2  
  197  18:43  Zergling x14  
  186  18:54  Zergling x2  
  186  18:55  Zergling x38  
  184  19:20  Nydus Canal  
  184  19:45  Zergling x2  
  184  19:46  Zergling x28  
  192  20:16  Hatchery  
  164  20:24  Zergling x2  
  164  20:25  Zergling x34  
  152  20:51  Hatchery  
  138  20:58  Zergling x2  
  138  20:59  Zergling x32  
  151  21:11  Lurker  
  149  21:12  Lurker x4  
  149  21:13  Lurker x5  
  149  21:15  Hydralisk x7  
  149  21:16  Hydralisk x9  
  149  21:18  Hatchery  
  189  21:28  Baneling  
  189  21:29  Baneling x16  
  189  21:30  Nydus Canal  
  189  21:31  Nydus Canal  
  182  21:54  Hydralisk x9  
  185  22:08  Zergling x2  
  185  22:09  Zergling x12  
  183  22:26  Zergling x2  
  183  22:27  Zergling x14  
  189  22:33  Nydus Canal x2  
  189  22:43  Zergling x16  
  197  22:44  Hatchery  
  191  22:55  Nydus Canal  
  186  23:01  Zergling x24  
  176  23:23  Spore Crawler  
  176  23:25  Spore Crawler  
  155  23:28  Zergling x34  
Tags
 
Add a new tag
Caveats
  • Supply blocks, unpowered buildings, or Contaminate may cause inaccurate times.
  • Supply counts are checked every 10 seconds.